 Dungeon Crawl Stone Soup version 0.31.0-12-g77e489cdc1 (webtiles) character file.

Game seed: 7201611885944358428

1188 Cheops the Changeling (level 8, -5/68 HPs)
             Began as a Troll Shapeshifter on Feb 19, 2024.
             Slain by an orc warrior
             ... wielding a +0 battleaxe
              (10 damage)
             ... on level 6 of the Dungeon.
             The game lasted 00:07:27 (4650 turns).

Cheops the Changeling (Troll Shapeshifter)          Turns: 4650, Time: 00:07:28

Health: -5/68      AC:  4    Str: 23    XL:     8   Next: 19%
Magic:  7/7        EV:  9    Int:  6    God:
Gold:   216        SH:  5    Dex: 11    Spells: 7/7 levels left

rFire   . .          .
                       - Unarmed
rCold   + . .        (no shield)
rNeg    . . .        c - +0 animal skin
rPois   +            (helmet currently unavailable)
rElec   .            (cloak currently unavailable)
rCorr   .            (gloves unavailable)
SInv    .            (boots unavailable)
Will    .....        q - amulet of reflection
Stlth   +            h - ring of protection from cold
HPRegen 1.11/turn    j - ring of poison resistance
MPRegen 0.10/turn

%: reflection
@: beast-form
A: beast (slay +4), large, unfitting armour, claws 3, regeneration 1, shaggy fur
1, tough skin 1
a: Begin Untransformation


You were on level 6 of the Dungeon.
You were a hulking beast.
You visited 1 branch of the dungeon, and saw 6 of its levels.

You collected 216 gold pieces.

Inventory:

Armour
 c - a +0 animal skin (worn)
Jewellery
 h - a ring of protection from cold (left claw)
 j - a ring of poison resistance (right claw)
 n - a ring of flight
 q - an amulet of reflection (around neck)
 r - a ring of see invisible
 v - a ring of protection from fire
Talismans
 a - a beast talisman (active)
 b - a flux talisman
Wands
 t - a wand of roots (7)
Scrolls
 f - a scroll of noise
 g - 2 scrolls of fear {unknown}
 i - a scroll of torment {unknown}
 k - 2 scrolls of amnesia {unknown}
 l - a scroll of revelation {unknown}
 m - 2 scrolls of poison {unknown}
 s - 2 scrolls of immolation {unknown}
 u - a scroll of fog {unknown}
 w - 2 scrolls of teleportation {unknown}
 x - a scroll of enchant armour {unknown}
Potions
 d - a potion of mutation {unknown}
 e - a potion of attraction
 o - a potion of haste {unknown}
 p - a potion of brilliance {unknown}


   Skills:
 - Level 0.7 Fighting
 - Level 1.5 Dodging
 + Level 6.4 Unarmed Combat
 * Level 7.9 Shapeshifting


You had 7 spell levels left.
You didn't know any spells.
Your spell library contained the following spells:

 Spells                   Type           Power      Damage    Failure   Level
 Momentum Strike          Conj/Tloc      0%         3d8       58%         2
 Scorch                   Fire           0%         2d5       58%         2
 Dazzling Flash           Conj/Hex       0%         N/A       83%         3
 Frozen Ramparts          Ice            0%         1d1       83%         3
 Mephitic Cloud           Conj/Alch/Air  0%         N/A       83%         3
 Volatile Blastmotes      Fire/Tloc      0%         2d10      83%         3
 Flame Wave               Conj/Fire      0%         2d4       99%         4
 Ignite Poison            Fire/Alch      0%         N/A       99%         4
 Leda's Liquefaction      Alch/Erth      0%         N/A       99%         4
 Petrify                  Alch/Erth      0%         N/A       99%         4
 Borgnjor's Vile Clutch   Necr/Erth      0%         N/A       100%        5
 Curse of Agony           Necr           0%         N/A       100%        5
 Irradiate                Conj/Alch      0%         3d11      100%        5
 Metabolic Englaciation   Hex/Ice        0%         N/A       100%        5
 Silence                  Hex/Air        0%         N/A       100%        5
 Summon Mana Viper        Hex/Summ       0%         N/A       100%        5
 Bombard                  Conj/Erth      0%         9d1       100%        6
 Plasma Beam              Fire/Air       0%         2x1d10    100%        6
 Summon Cactus Giant      Summ           0%         N/A       100%        6


Dungeon Overview and Level Annotations

Branches:
Dungeon (6/15)             Temple (0/1) D:5

Altars:
Trog

Shops:
D:5 *   D:6 [

Annotations:
D:5 stair


Innate Abilities, Weirdness & Mutations

You are a hulking beast.
Your limbs bulge with bestial killing power. (Slay +4)
You are too large for most types of armour.
You have claws for hands.
Your natural rate of healing is unusually fast.
You are covered in fur. (AC +1)
You have tough skin. (AC +1)


Message History

The orc warrior is lightly wounded.
The orc warrior hits you with a +0 battleaxe!!
You scratch the orc warrior.
The orc warrior is moderately wounded.
You block the orc warrior's attack.
You claw the orc warrior!
The orc warrior is almost dead.
The orc warrior hits you with a +0 battleaxe!
* * * LOW HITPOINT WARNING * * *
Unknown command.
You scratch the orc warrior but do no damage.
The orc warrior is almost dead.
The orc warrior hits you with a +0 battleaxe!
* * * LOW HITPOINT WARNING * * *
You closely miss the orc warrior.
The orc warrior is almost dead.
The orc warrior hits you with a +0 battleaxe!
* * * LOW HITPOINT WARNING * * *
You scratch the orc warrior.
The orc warrior is almost dead.
The orc warrior hits you with a +0 battleaxe!
* * * LOW HITPOINT WARNING * * *
You scratch the orc warrior but do no damage.
The orc warrior is almost dead.
The orc warrior hits you with a +0 battleaxe!
* * * LOW HITPOINT WARNING * * *
You barely miss the orc warrior.
The orc warrior is almost dead.
The orc warrior hits you with a +0 battleaxe.
* * * LOW HITPOINT WARNING * * *
Unknown command.
Unknown command.
Unknown command.
You closely miss the orc warrior.
The orc warrior is almost dead.
Unknown command.
You scratch the orc warrior but do no damage.
The orc warrior is almost dead.
The orc warrior hits you with a +0 battleaxe!
You die...

#.# #.# #.#
#.##### #.....#
#####.# #.#
######.#
#...h..#
############o###
.......o.....#
...#...#o..#.#
.F....o......#
...#...#...###
............#
#############


You could see an orc warrior.

Vanquished Creatures
  Grinder (D:3)
  A water moccasin (D:5)
  An ogre (D:5)
  A black bear (D:6)
  A phantom (D:5)
  A gnoll sergeant (D:5)
  2 scorpions (D:5)
  A bombardier beetle (D:5)
  3 hounds
  Natasha (D:2)
  3 iguanas
  A sleepcap (D:5)
  3 orc wizards
  5 adders
  A shadow imp (D:5)
  A white imp (D:5)
  2 dart slugs (D:4)
  6 orcs
  3 ball pythons
  4 bats
  9 endoplasms
  A giant cockroach (D:1)
  4 goblins
  8 hobgoblins
  6 jackals
  7 kobolds
  3 quokkas
  5 rats
85 creatures vanquished.

Notes
Turn   | Place    | Note
-------+----------+-------------------------------------------
     0 | D:1      | Cheops the Troll Shapeshifter began the quest for the Orb.
     0 | D:1      | Reached XP level 1. HP: 18/18 MP: 0/0
   326 | D:1      | Reached XP level 2. HP: 25/26 MP: 1/1
   864 | D:2      | Noticed Natasha
   870 | D:2      | Killed Natasha
   871 | D:2      | Reached XP level 3. HP: 25/32 MP: 2/2
   920 | D:2      | Reached skill level 4 in Shapeshifting
  1200 | D:2      | Reached XP level 4. HP: 36/40 MP: 3/3
  1939 | D:3      | Found a bloodstained altar of Trog.
  1976 | D:3      | Noticed Grinder
  2017 | D:3      | Killed Grinder
  2018 | D:3      | Reached skill level 5 in Shapeshifting
  2018 | D:3      | Reached XP level 5. HP: 35/46 MP: 4/4
  2018 | D:3      | Reached XP level 6. HP: 41/54 MP: 5/5
  2043 | D:3      | Found a faded altar of an unknown god.
  2368 | D:3      | Got the Grimoire of the Flinty Jinx
  3488 | D:5      | Entered Level 5 of the Dungeon
  3509 | D:5      | Reached skill level 5 in Unarmed Combat
  3509 | D:5      | Reached skill level 6 in Shapeshifting
  3518 | D:5      | Reached XP level 7. HP: 45/61 MP: 6/6
  3818 | D:5      | Reached skill level 7 in Shapeshifting
  4078 | D:5      | Found Losoca's Assorted Antiques.
  4217 | D:5      | Reached XP level 8. HP: 67/68 MP: 7/7
  4233 | D:5      | Got Nad Lerea's Collected Works on the Sun
  4242 | D:5      | Got Reip Bow's Cyclopedia of Attacks
  4295 | D:5      | Found a staircase to the Ecumenical Temple.
  4402 | D:6      | Found Doggavvi's Antique Armour Boutique.
  4648 | D:6      | HP: 3/68 [orc warrior/+0 battleaxe (2)]
  4650 | D:6      | Slain by an orc warrior

Illustrated notes

Levels and vault maps discovered:
D:1:      onia_arrival_mini_maze, layout_basic, hex_medium
D:2:      layout_basic, uniq_natasha
D:3:      layout_loops_corners, bloody_trog,
          shapermc_ecumenical_altar_acropolis, uniq_grinder
D:4:      layout_basic
D:5:      layout_basic, minmay_temple_entry_from_below_a, serial_shops, shop,
          st_stairs_5, serial_library_hellmonk_metal_room
D:6:      layout_loops_ring, lemuel_coloured_pillars_altar, serial_shops,
          nicolae_stop_n_shop_2, uniq_jeremiah

Skill      XL: |  1  2  3  4  5  6  7 |
---------------+----------------------+-----
Shapeshifting  | 4 5 6 7 |  7.9
Unarmed Combat | 4 5 6 |  6.4
Fighting       | |  0.7
Dodging        | |  1.5

Action                     |  1- 3 |  4- 6 |  7- 9 || total
---------------------------+-------+-------+-------++-------
  Melee: Unarmed           |    60 |    86 |    75 ||   221
         Punch             |       |       |     3 ||     3
    Use: Scroll            |       |     2 |       ||     2
         Potion            |       |     1 |     1 ||     2
   Stab: Sleeping          |     3 |     1 |       ||     4
 Armour: Animal skin       |    40 |    39 |    45 ||   124
         Skin              |       |     1 |     2 ||     3
  Dodge: Dodged            |    29 |    27 |    17 ||    73
  Block: Other             |       |     3 |    17 ||    20
         Reflection        |       |     1 |       ||     1
   Form: Flux              |       |     1 |       ||     1
         Beast             |       |     2 |       ||     2
                           |       |     1 |       ||     1
